 Dungeon Crawl Stone Soup version 0.28-a0-697-g47f3eba078 (webtiles) character file.

Game seed: 377327656491364291

6 KoroneIsBestGirl the Chiller (level 1, 0/13 HPs)
             Began as a Barachi Ice Elementalist on Oct 23, 2021.
             Slain by a quokka (3 damage)
             ... on level 1 of the Dungeon.
             The game lasted 00:00:33 (126 turns).

KoroneIsBestGirl the Chiller (BaIE)                  Turns: 126, Time: 00:00:34

Health: 0/13       AC:  2    Str:  9    XL:     1   Next: 90%
Magic:  1/3        EV: 12    Int: 15    God:
Gold:   0          SH:  0    Dex: 12    Spells: 3/4 levels left

rFire   . . .      SeeInvis .   b - +0 quarterstaff
rCold   . . .      Faith    .   (shield currently unavailable)
rNeg    . . .      Spirit   .   a - +0 robe
rPois   .          Reflect  .   (no helmet)
rElec   .          Harm     .   (no cloak)
rCorr   .          Rampage  .   (no gloves)
Will    .....                   (no boots)
Stlth   ++........              (no amulet)
HPRegen 0.04/turn               (no ring)
MPRegen 0.08/turn               (no ring)

@: unable to hop, slow
A: amphibious, slowness 1, strong legs 1, +LOS
a: Hop


You were on level 1 of the Dungeon.
You visited 1 branch of the dungeon, and saw 1 of its levels.

Inventory:

Hand Weapons
 b - a +0 quarterstaff (weapon)
Armour
 a - a +0 robe (worn)


   Skills:
 + Level 2.4 Dodging
 - Level 1.7 Stealth
 + Level 2.4 Spellcasting
 + Level 5.0 Ice Magic


You had 3 spell levels left.
You knew the following spells:

 Your Spells              Type           Power      Damage    Failure   Level
a - Freeze                Ice            64%        1d8       2%          1

Your spell library contained the following spells:

 Spells                   Type           Power      Damage    Failure   Level
 Frozen Ramparts          Ice            32%        1d5       9%          3
 Ozocubu's Armour         Ice            16%        N/A       9%          3
 Hailstorm                Conj/Ice       9%         3d4       58%         4


Dungeon Overview and Level Annotations

Branches:
Dungeon (1/15)

Altars:

Shops:
D:1 *

Annotations:
D:1 1 runed translucent door


Innate Abilities, Weirdness & Mutations

You are amphibious.
You cover ground slowly.
You can hop short distances.
You have an extended range of vision and can be seen from far away.


Message History

A frilled lizard comes into view.
A quokka comes into view.
A frilled lizard comes into view.
The goblin hits you with a +0 club.
You freeze the goblin.
The goblin is heavily wounded.
The frilled lizard hisses angrily.
The quokka twitches its whiskers.
The goblin barely misses you.
A dart slug comes into view.
You freeze the goblin!
You kill the goblin!
The jackal bites you.
Your Ice Magic skill increases to level 5!
You are too depleted to draw on your mana recklessly!
The jackal closely misses you. The jackal closely misses you.
The ball python barely misses you. The ball python grabs you.
The ball python constricts you. The jackal bites you.
You escape the ball python's grasp.
There is a stone staircase leading down here.
You can't go up here!
The jackal bites you. The ball python closely misses you. x2
The quokka misses you. The jackal barely misses you.
The ball python misses you. The ball python grabs you.
You stop descending the stairs.
The ball python constricts you.
* * * LOW HITPOINT WARNING * * *
Hop to where?
Press: ? - help, Dir - move target You escape the ball python's grasp.
Boing!
The frilled lizard hisses.
Unknown command.
You don't have enough magic to cast this spell.
As you read the scroll labelled GILEQIE MAJOKO, it crumbles to dust.
It is a scroll of identify.
You don't have any unidentified items.
The quokka closely misses you. The ball python misses you.
The ball python barely misses you.
The jackal stops to sniff the ground.
The quokka bites you.
You die...

.....# #....#
.....####....##
.....#........## #
.....#.........# .#
....##..)...# ..#
###.##......#######.#
###.##.†....w.......#
..........>.ll.S....#
##.............r@...#
......#####....h....#
##....# #.........#
##....# #.........#
##....# #.........#
##....# #.........#
...)..# ###########
#.....# ....###


You could see a dart slug, a quokka, a jackal, a ball python and 2 frilled
lizards.

Vanquished Creatures
  A goblin (D:1)
  2 jackals (D:1)
  2 ball pythons (D:1)
5 creatures vanquished.

Notes
Turn   | Place    | Note
-------+----------+-------------------------------------------
     0 | D:1      | KoroneIsBestGirl the Barachi Ice Elementalist began the
                  | quest for the Orb.
     0 | D:1      | Reached XP level 1. HP: 13/13 MP: 3/3
     1 | D:1      | Found a runed translucent door.
     9 | D:1      | Found Lefivof's Assorted Antiques.
   118 | D:1      | Reached skill level 5 in Ice Magic
   126 | D:1      | Slain by a quokka

Illustrated notes

Levels and vault maps discovered:
D:1:      dpeg_arrival_caged_fury, layout_basic, serial_shops, shop,
          corexii_leaking_fountain, minmay_heptomino_w4

Skill      XL: |  1 |
---------------+----+-----
Ice Magic      | 5 |  5.0
Dodging        | |  2.4
Stealth        | |  1.7
Spellcasting   | |  2.4

Action                   || total
-------------------------++-------
 Cast: Freeze            ||     6
 Abil: Hop               ||     1
  Use: Scroll            ||     1
Dodge: Dodged            ||    17

Table legend: (Time is in decaauts)
 A = Elapsed time spent in this place.
 B = Non-inter-level travel time spent in this place.
 C = Inter-level travel time spent in this place.
 D = Time resting spent in this place.
 E = Time spent auto-exploring this place.
 F = Levels seen in this place.
 G = Mean time per level.
                   A        B        C        D        E       F      G
               +--------+--------+--------+--------+--------+-----+--------+
         Total |    142 |    132 |     10 |      0 |     92 |   1 |  142.0 |
       Dungeon |    142 |    132 |     10 |      0 |     92 |   1 |  142.0 |
               +--------+--------+--------+--------+--------+-----+--------+

Top non-repeatable levels by time:
     D:1: 142 daAuts
